 Dungeon Crawl Stone Soup version 0.31-a0-963-ga325b2283a (webtiles) character file.

Game seed: 5031682463429505135

4416 Talonman3 the Fighter (level 10, 0/120 HPs)
             Began as a Barachi Reaver on Oct 25, 2023.
             Was a Believer of Kikubaaqudgha.
             Slain by a killer bee (4 damage)
             ... on level 9 of the Dungeon.
             The game lasted 00:32:18 (9145 turns).

Talonman3 the Fighter (Barachi Reaver)              Turns: 9145, Time: 00:32:20

Health: 0/120      AC:  9    Str: 15    XL:     10   Next: 36%
Magic:  11/20      EV: 14    Int: 21    God:    Kikubaaqudgha [**....]
Gold:   347        SH:  0    Dex: 12    Spells: 14/23 levels left

rFire   + . .        s - +2 demon blade (heavy)
rCold   . . .        (no shield)
rNeg    + . .        O - +0 steam dragon scales
rPois   +            l - +1 hat
rElec   .            g - +1 cloak
rCorr   +            e - +0 pair of gloves
SInv    +            (no boots)
Will    +....        (no amulet) Stlth
                     r - ring "Caqaloqe" {rPois rF+ Will+ Str+2 SInv}
HPRegen 0.40/turn    M - ring of Issurgh {rPois rN+ rCorr Int+4 Stlth+}
MPRegen 0.17/turn

%: no passive effects
@: berserking, lethally poisoned (0 -> -3), studying Long Blades, quick
A: amphibious, slowness 1, strong legs 1, +LOS
a: Hop, Renounce Religion, Unearth Wretches


You were on level 9 of the Dungeon.
You worshipped Kikubaaqudgha.
Kikubaaqudgha was pleased with you.
You visited 1 branch of the dungeon, and saw 9 of its levels.
You also visited: Ossuary.

You collected 1627 gold pieces.
You spent 1280 gold pieces at shops.

Inventory:

Hand Weapons
 a - a +0 falchion
 o - a +0 rapier
 s - a +2 heavy demon blade (weapon)
 u - a +0 trident of flaming
 G - a +1 dagger of venom
 N - a +1 long sword of flaming
Missiles
 v - 2 throwing nets
Armour
 b - a +0 leather armour
 e - a +0 pair of gloves (worn)
 g - a +1 cloak (worn)
 l - a +1 hat (worn)
 I - a +0 buckler
 O - +0 steam dragon scales (worn)
Jewellery
 n - a +6 ring of intelligence
 r - the ring "Caqaloqe" (left hand) {rPois rF+ Will+ Str+2 SInv}
   (You acquired it on level 3 of the Dungeon)

   [ring of poison resistance]

   Str+2:     It affects your strength (+2).
   rF+:       It protects you from fire.
   rPois:     It protects you from poison Will+: It increases your willpower.
   SInv:      It lets you see invisible.
 E - an amulet of the acrobat
 K - a ring of flight
 M - the ring of Issurgh (right hand) {rPois rN+ rCorr Int+4 Stlth+}
   (You acquired it on level 6 of the Dungeon)

   [ring of positive energy]

   Int+4:     It affects your intelligence (+4).
   rPois:     It protects you from poison rN+: It protects you from negative
   energy.
   rCorr:     It protects you from acid and corrosion.
   Stlth+:    It makes you more stealthy.
Wands
 i - a wand of mindburst (15)
 F - a wand of flame (13)
Scrolls
 d - a scroll of noise
 f - 7 scrolls of teleportation
 h - 2 scrolls of amnesia
 k - 3 scrolls of poison
 w - 2 scrolls of identify
 y - a scroll of blinking
 H - a scroll of immolation
Potions
 c - a potion of lignification {unknown}
 j - 3 potions of might
 m - a potion of resistance {unknown}
 p - 3 potions of mutation
 q - 3 potions of brilliance
 t - a potion of degeneration {unknown}
 z - a potion of haste {unknown}
 A - 2 potions of attraction {unknown}
 B - a potion of enlightenment
 C - a potion of heal wounds {unknown}
 D - 2 potions of curing
Miscellaneous
 J - a lightning rod (3/4)


   Skills:
 * Level 8.2 Fighting
 + Level 7.6 Long Blades
 + Level 5.5 Dodging
 * Level 7.0 Spellcasting
 * Level 8.0 Conjurations
 * Level 5.9 Necromancy


You had 14 spell levels left.
You knew the following spells:

 Your Spells              Type           Power      Damage    Failure   Level
a - Kiss of Death         Conj/Necr      100%       2d13      1%          1
b - Momentum Strike       Conj/Tloc      48%        3d9       2%          2
c - Hailstorm             Conj/Ice       24%        3d7       4%          3
d - Vampiric Draining     Necr           32%        2d8       2%          3

Your spell library contained the following spells:

 Spells                   Type           Power      Damage    Failure   Level
 Foxfire                  Conj/Fire      96%        2x1d8     1%          1
 Necrotise                Necr           100%       1d9       1%          1
 Animate Dead             Necr           32%        N/A       8%          4
 Blink                    Tloc           14%        N/A       13%         2
 Manifold Assault         Tloc           7%         N/A       65%         4
 Starburst                Conj/Fire      12%        6d5       95%         6
 Plasma Beam              Fire/Air       3%         2x1d13    100%        6


Dungeon Overview and Level Annotations

Branches:
Dungeon (9/15)             Temple (0/1) D:6             Orc (0/2) D:9
Ossuary (visited)
   Lair: D:8-11

Altars:
Ashenzari
Cheibriados
Dithmenos
Elyvilon
Gozag
Kikubaaqudgha
Sif Muna
Uskayaw

Shops:
D:1 :   D:6 *   D:8 :


Innate Abilities, Weirdness & Mutations

You are amphibious.
You cover ground slowly.
You can hop short distances.
You have an extended range of vision and can be seen from far away.


Message History

The killer bee stings you but does no damage.
The killer bee barely misses you. The killer bee stings you.
* * * LOW HITPOINT WARNING * * *
A red film seems to cover your vision as you go berserk!
You feel yourself moving faster!
You feel mighty! The killer bee misses you. The killer bee stings you.
* * * LOW HITPOINT WARNING * * *
The killer bee misses you. x2; The killer bee closely misses you.
The killer bee stings you.
* * * LOW HITPOINT WARNING * * *
You slash the killer bee!
You kill the killer bee!
Kikubaaqudgha accepts your kill.
The killer bee misses you. x2; The killer bee barely misses you.
The killer bee stings you but does no damage.
The killer bee stings you!
* * * LOW HITPOINT WARNING * * *
You closely miss the killer bee.
The killer bee is severely wounded.
The killer bee closely misses you. The killer bee stings you.
* * * LOW HITPOINT WARNING * * *
The killer bee stings you but does no damage.
The killer bee misses you.
You closely miss the killer bee.
The killer bee is severely wounded.
The killer bee closely misses you. x3; The killer bee stings you.
* * * LOW HITPOINT WARNING * * *
The killer bee closely misses you. The killer bee stings you.
* * * LOW HITPOINT WARNING * * *
You are poisoned.
The killer bee poisons you!
You barely miss the killer bee.
The killer bee is severely wounded.
* * * LOW HITPOINT WARNING * * *
You feel sick.
The killer bee stings you but does no damage.
The killer bee misses you. The killer bee barely misses you.
The killer bee misses you. The killer bee stings you.
You die...
Kikubaaqudgha rasps: "You have failed me!
Welcome... death!"

≈≈#≈≈≈≈#≈............#
#≈≈≈≈#≈≈≈............#
≈≈≈#≈≈≈≈.............#
≈#≈≈≈≈#≈.............#
≈≈≈≈#≈≈≈.............#
≈≈#≈≈≈≈..+#######....#
.≈≈≈≈#≈.+.......#....#
....≈≈≈.#.......#y...#
....... #.......@y†..#
####.. ##+##..)#y..†#
#...#........
#...#........
+...#####.....# #...
.....# #... .....#
.... .....# .##..
....+


You could see 3 killer bees.

Vanquished Creatures
  Maggie (D:7)
  Psyche (D:9)
  3 steam dragons
  2 water moccasins
  An orc warrior (D:9)
  4 black bears
  2 sky beasts (D:7)
  3 ogres
  3 ice beasts
  4 centaurs
  A phantom (D:7)
  A kobold brigand (D:8)
  A bullfrog (D:7)
  A gnoll sergeant (D:7)
  3 scorpions
  3 wights (D:8)
  3 killer bees (D:9)
  A howler monkey (D:8)
  2 jellies
  A hound (D:5)
  An orc priest (D:5)
  A sleepcap (D:6)
  Ijyb (D:5)
  5 iguanas
  8 orc wizards
  Robin (D:4)
  8 mummies (Ossuary)
  11 gnolls
  8 adders
  A river rat (D:5)
  A white imp (D:6)
  6 ufetubi (D:6)
  6 worms
  3 dart slugs
  25 orcs
  6 endoplasms
  5 giant cockroaches
  A gnoll zombie (Ossuary)
  15 goblins
  7 hobgoblins
  4 jackals (D:1)
  10 ball pythons
  8 bats
  3 frilled lizards
  3 hobgoblin zombies (Ossuary)
  19 kobolds
  3 kobold zombies (Ossuary)
  An orc zombie (Ossuary)
  3 rats
215 creatures vanquished.

Notes
Turn   | Place    | Note
-------+----------+-------------------------------------------
     0 | D:1      | Talonman3 the Barachi Reaver began the quest for the Orb.
     0 | D:1      | Reached XP level 1. HP: 17/17 MP: 3/3
    82 | D:1      | Found Bathro Ysener's Vocational Training.
   136 | D:1      | Reached XP level 2. HP: 19/23 MP: 5/5
   563 | D:1      | Reached XP level 3. HP: 26/28 MP: 6/6
   616 | D:1      | Found a faded altar of an unknown god.
   616 | D:1      | Noticed a ynoxinul
   909 | D:2      | Reached skill level 1 in Necromancy
  1134 | D:2      | Reached XP level 4. HP: 24/28 MP: 6/8
  1655 | D:3      | Learned a level 2 spell: Momentum Strike
  1659 | D:3      | Learned a level 3 spell: Hailstorm
  1689 | D:3      | Reached XP level 5. HP: 11/28 MP: 1/9
  1789 | D:3      | Found a broken altar of Ashenzari.
  2110 | D:3      | Identified 3 scrolls of acquirement
  2111 | D:3      | Identified the of Yqeat (You acquired it on level 3 of the
                  | Dungeon)
  2111 | D:3      | Acquired the ring "Caqaloqe" {rPois rF+ Will+ Str+2 SInv}
  2114 | D:3      | Acquired a +2 demon blade of venom
  2738 | D:4      | Noticed a +0 hand axe
  2738 | D:4      | Noticed a +0 dagger
  2740 | D:4      | Found a hide-covered altar of Uskayaw.
  2757 | D:4      | Noticed Robin
  2781 | D:4      | Killed Robin
  2793 | D:4      | Reached XP level 6. HP: 15/44 MP: 1/11
  3127 | D:4      | Found an ancient bone altar of Kikubaaqudgha.
  3136 | D:4      | Became a worshipper of Kikubaaqudgha
  3285 | D:4      | Acquired 1056 gold pieces
  3319 | D:5      | Entered Level 5 of the Dungeon
  3437 | D:5      | Noticed a black bear
  3448 | D:5      | Killed a black bear
  3449 | D:5      | Reached XP level 7. HP: 9/55 MP: 1/12
  3452 | D:5      | HP: 4/82 [hound (4)]
  3654 | D:5      | Reached skill level 5 in Conjurations
  3916 | D:5      | Found a sand-covered staircase.
  3938 | Ossuary  | Entered an ossuary
  4216 | Ossuary  | Reached * piety under Kikubaaqudgha
  4216 | Ossuary  | Received a gift from Kikubaaqudgha
  4372 | Ossuary  | Learned a level 3 spell: Vampiric Draining
  4379 | Ossuary  | Reached skill level 5 in Fighting
  4591 | D:5      | Reached XP level 8. HP: 62/62 MP: 6/14
  4713 | D:5      | Noticed Ijyb
  4726 | D:5      | Killed Ijyb
  4836 | D:5      | Reached skill level 5 in Long Blades
  5467 | D:6      | Found Hivvuh's Assorted Antiques.
  5479 | D:6      | Reached skill level 5 in Spellcasting
  5526 | D:6      | Bought a lightning rod (4/4) for 1280 gold pieces
  5812 | D:6      | Found a snail-covered altar of Cheibriados.
  5890 | D:6      | Found a white marble altar of Elyvilon.
  6185 | D:6      | Reached ** piety under Kikubaaqudgha
  6186 | D:6      | Reached XP level 9. HP: 57/71 MP: 17/17
  6244 | D:6      | Found a staircase to the Ecumenical Temple.
  6269 | D:6      | Acquired the ring of Issurgh {rPois rN+ rCorr Int+4 Stlth+}
  6607 | D:7      | Noticed Maggie
  6622 | D:7      | Killed Maggie
  6860 | D:7      | Found an opulent altar of Gozag.
  6876 | D:7      | Found a shimmering blue altar of Sif Muna.
  7359 | D:7      | Reached skill level 5 in Necromancy
  7531 | D:7      | Reached skill level 5 in Dodging
  7829 | D:7      | Found a shadowy altar of Dithmenos.
  8072 | D:8      | Reached XP level 10. HP: 80/80 MP: 12/19
  8680 | D:8      | Found Kadaq's Tremendous Tomes.
  8863 | D:9      | Noticed Psyche
  8868 | D:9      | Killed Psyche
  8998 | D:9      | Found a staircase to the Orcish Mines.
  9144 | D:9      | HP: 6/120 [killer bee (5)]
  9145 | D:9      | Slain by a killer bee

Illustrated notes

Levels and vault maps discovered:
D:1:      spicycebolla_arrival_xxxplode, layout_basic,
          dreamdust_ecumenical_altar_sealed_demon, serial_park_tiny_pond,
          nicolae_shop_vocational
D:2:      layout_loops_cross
D:3:      layout_basic, mainiacjoe_overflow_cross_hatched, roderic_lattice_a,
          eino_curves_03
D:4:      layout_cave_pools, dancing_weapons_uskayaw, kiku_gazebo_pond_becter,
          uniq_robin
D:5:      layout_loops_cross, portal_sewer_entry_e,
          lightli_ossuary_entry_decrepit_ruins, kennysheep_dice, uniq_ijyb
D:6:      layout_basic, mainiacjoe_overflow_surrounded_room,
          lemuel_doored_altar, minmay_temple_entry_large_hall, serial_shops,
          shop, nicolae_benzene_ring, minmay_manual_moon
D:7:      layout_rooms, nicolae_sif_muna_condensation,
          mainiacjoe_overflow_catwalk, grunt_dithmenos_shadows,
          serial_co_window_serial, co_window_paths_a, co_window_paths_a,
          co_window_paths_b, co_window_paths_a, co_window_of_opportunity_a,
          co_window_of_opportunity_b, co_window_of_opportunity_b,
          co_window_corner_b, co_window_paths_c, co_window_of_opportunity_b,
          co_window_corner_ca, co_window_paths_c, co_window_4corner_a,
          co_window_paths_d, glass_columns_a, glass_columns_a, glass_columns_a,
          uniq_maggie
D:8:      nicolae_hitomezashi [nicolae_hito_row, nicolae_hito_row,
          nicolae_hito_row, nicolae_hito_row, nicolae_hito_row,
          nicolae_hito_row, nicolae_hito_row, nicolae_hito_row,
          nicolae_hito_row, nicolae_hito_row, nicolae_hito_row,
          nicolae_hito_row, nicolae_hito_row, nicolae_hito_row,
          nicolae_hito_row, nicolae_hito_row, nicolae_hito_row,
          nicolae_hito_row], layout_basic, chequers_serial_rivers_micro_d,
          minivault_1, serial_bayou_pond_a, nicolae_shop_i_like_big_books
D:9:      layout_gridville, nicolae_overflow_hidden_temple, marbit_many_paths,
          okawaru_gym_becter, zin_scriptorium, nicolae_lava_and_water,
          uniq_psyche

Skill      XL: |  1  2  3  4  5  6  7  8  9 10 |
---------------+-------------------------------+-----
Fighting       | 3 4 5 6 7 8 |  8.2
Necromancy     | 1 2 3 4 5 |  5.9
Long Blades    | 4 5 7 |  7.6
Conjurations   | 4 5 6 7 8 |  8.0
Spellcasting   | 3 4 5 6 7 |  7.0
Dodging        | 3 4 5 |  5.5

Action                     |  1- 3 |  4- 6 |  7- 9 | 10-12 || total
---------------------------+-------+-------+-------+-------++-------
  Melee: Falchion          |    99 |    86 |       |       ||   185
         Punch             |     1 |     2 |     4 |       ||     7
         Demon blade       |       |    89 |   171 |    52 ||   312
   Cast: Kiss of Death     |     2 |     2 |     1 |       ||     5
         Momentum Strike   |       |    14 |    25 |       ||    39
         Hailstorm         |       |     9 |    55 |    10 ||    74
         Vampiric Draining |       |       |     3 |       ||     3
Ability: Hop               |       |     1 |       |       ||     1
  Evoke: Wand              |       |       |     4 |     3 ||     7
         Lightning rod     |       |       |       |     2 ||     2
    Use: Potion            |       |     4 |     2 |     1 ||     7
         Scroll            |       |     7 |    13 |       ||    20
   Stab: Sleeping          |       |     1 |       |       ||     1
 Armour: Leather armour    |    89 |   158 |   127 |       ||   374
         Steam dragon scal |       |       |    37 |   101 ||   138
  Dodge: Dodged            |    74 |   136 |   173 |    95 ||   478

Table legend: (Time is in decaauts)
 A = Elapsed time spent in this place.
 B = Non-inter-level travel time spent in this place.
 C = Inter-level travel time spent in this place.
 D = Time resting spent in this place.
 E = Time spent auto-exploring this place.
 F = Levels seen in this place.
 G = Mean time per level.
                   A        B        C        D        E       F      G
               +--------+--------+--------+--------+--------+-----+--------+
         Total |  10204 |   9937 |    267 |   2862 |   5492 |  10 | 1020.4 |
       Dungeon |   9534 |   9267 |    267 |   2450 |   5360 |   9 | 1059.3 |
       Ossuary |    670 |    670 |      0 |    411 |    132 |   1 |  670.0 |
               +--------+--------+--------+--------+--------+-----+--------+

Top non-repeatable levels by time:
     D:5: 1495 daAuts
     D:7: 1452 daAuts
     D:6: 1428 daAuts
     D:3: 1323 daAuts
     D:8: 1092 daAuts
     D:2: 980 daAuts
     D:1: 726 daAuts
     D:4: 719 daAuts
 Ossuary: 670 daAuts
     D:9: 315 daAuts
